 Dungeon Crawl Stone Soup version 0.27.1-3-gb3d3a73c9e (webtiles) character file.

Game seed: 88177297761196070

51 jlumianski the Covered (level 3, -6/23 HPs)
             Began as a Gargoyle Fighter on Oct 25, 2021.
             Mangled by Sigmund (9 damage)
             ... on level 2 of the Dungeon.
             The game lasted 00:05:21 (1705 turns).

jlumianski the Covered (Gargoyle Fighter)           Turns: 1705, Time: 00:05:22

Health: -6/23      AC: 12    Str: 20    XL:     3   Next: 81%
Magic:  3/3        EV:  7    Int:  8    God:
Gold:   14         SH:  9    Dex:  9    Spells: 2/2 levels left

rFire    . . .     SeeInvis .   a - +0 war axe
rCold    . . .     Faith    .   c - +0 kite shield
rNeg     + . .     Spirit   .   b - +0 scale mail
rPois    ∞         Reflect  .   m - +1 helmet
rElec    +         Harm     .   (no cloak)
rCorr    .         Rampage  .   (no gloves)
Will     .....                  (no boots)
Stlth    ..........             (no amulet)
HPRegen  0.07/turn              (no ring)
MPRegen  0.08/turn              (no ring)

@: mighty
A: sickness immunity, AC +3, negative energy resistance 1, electricity
resistance, torment resistance 1, petrification resistance
a: no special abilities


You were on level 2 of the Dungeon.
You visited 1 branch of the dungeon, and saw 3 of its levels.

You collected 14 gold pieces.

Inventory:

Hand Weapons
 a - a +0 war axe (weapon)
 f - a +0 hunting sling
 l - a +0 club
Missiles
 e - 74 stones (quivered)
Armour
 b - a +0 scale mail (worn)
 c - a +0 kite shield (worn)
 m - a +1 helmet (worn)
Magical Staves
 j - a staff of poison
 n - a staff of death
Scrolls
 g - 2 scrolls of noise {unknown}
 i - 3 scrolls of teleportation {unknown}
 k - a scroll of fog {unknown}
 p - a scroll of fear {unknown}


   Skills:
 + Level 3.4 Fighting
 + Level 2.0 Axes
 + Level 0.2 Throwing
 + Level 3.8 Armour
 + Level 1.2 Dodging
 + Level 3.7 Shields


You had 2 spell levels left.
You didn't know any spells.
Your spell library contained the following spells:

 Spells                   Type           Power      Damage    Failure   Level
 Shock                    Conj/Air       0%         1d3       99%         1
 Stone Arrow              Conj/Erth      0%         3d7       100%        3
 Swiftness                Air            0%         N/A       100%        3
 Airstrike                Air            0%         N/A       100%        4
 Bolt of Magma            Conj/Fire/Erth 0%         4d4       100%        5
 Shatter                  Erth           0%         3d5*      100%        9


Dungeon Overview and Level Annotations

Branches:
Dungeon (3/15)

Altars:
Uskayaw

Annotations:
D:2 Sigmund


Innate Abilities, Weirdness & Mutations

You are immune to sickness and miasma.
Your stone body is resilient. (AC +3)
You are immune to poison.
You resist negative energy. (rN+)
You are resistant to electric shocks. (rElec)
You are resistant to unholy torment.
You are immune to petrification.


Message History

The adder is severely wounded.
You block the adder's attack. The adder bites you but does no damage.
You hit the adder.
You kill the adder!
Sigmund says, "Look into my eyes."
Sigmund hits you from afar with a +0 scythe.
The kobold closely misses you.
Your Dodging skill increases to level 1!
You block Sigmund's attack.
Your scale mail prevents you from hitting Sigmund.
You closely miss the kobold. The kobold hits you but does no damage.
Sigmund hits you but does no damage. The kobold closely misses you.
You hit Sigmund.
Sigmund is lightly wounded.
You hit the kobold. You block the kobold's attack.
Sigmund casts a spell at you.
The magic dart hits you but does no damage.
You slash Sigmund!
Sigmund is heavily wounded.
You barely miss the kobold. The kobold hits you with a +0 whip.
Sigmund mumbles some strange words.
Sigmund flickers and vanishes!
Deactivating autopickup; reactivate with Ctrl-A.
You block the kobold's attack.
Okay, then.
You closely miss something. You hit the kobold but do no damage.
You hear some strange, mumbled words.
You are confused.
The kobold hits you but does no damage. Something hits you!
* * * LOW HITPOINT WARNING * * *
The kobold hits you but does no damage.
It was a potion of curing.
You feel better. The kobold hits you but does no damage. Something hits you!
* * * LOW HITPOINT WARNING * * *
It was a potion of magic.
Magic courses through your body. You block the kobold's attack.
Okay, then.
You feel very mighty all of a sudden. Something hits you!
You die...

.......<#########
#######..# #..# #..#
####..### #.......# #####
#.##..#.#
#...#######.##..#.#
#........K@{......#
#...#######....#..# ##.##
#..#[#..#
........###.......#######.#
.##.# #...................#
.. #.#
#..###.###.########.# . #K#
#. #.# #.# .(. # #.# #.#
... ..#


You could see a kobold.

Vanquished Creatures
  2 adders
  2 dart slugs (D:1)
  A bat (D:1)
  4 endoplasms
  A giant cockroach (D:1)
  3 goblins
  2 hobgoblins (D:1)
  3 kobolds (D:1)
  A quokka (D:1)
  4 ball pythons (D:1)
  A frilled lizard (D:1)
  2 rats (D:1)
26 creatures vanquished.

Notes
Turn   | Place    | Note
-------+----------+-------------------------------------------
     0 | D:1      | jlumianski the Gargoyle Fighter began the quest for the
                  | Orb.
     0 | D:1      | Reached XP level 1. HP: 14/14 MP: 1/1
   226 | D:1      | Reached XP level 2. HP: 15/19 MP: 2/2
   751 | D:1      | Reached XP level 3. HP: 20/23 MP: 3/3
  1386 | D:2      | Noticed Sigmund
  1573 | D:2      | Found a hide-covered altar of Uskayaw.
  1698 | D:2      | Reached skill level 1 in Dodging
  1705 | D:2      | Mangled by Sigmund

Illustrated notes

Levels and vault maps discovered:
D:1:      dpeg_arrival_leaves_temple_mockup, layout_basic
D:2:      layout_loops_ring, serial_aquarium, aquarium_bridge_square
          [aquarium_subvault_window, aquarium_subvault_wall,
          aquarium_subvault_wall, aquarium_subvault_bridge], aquarium_window_1,
          aquarium_window_2, aquarium_window_3, aquarium_view_2e,
          aquarium_view_2a, aquarium_pool_corner, basic_altar,
          ebering_ecumenical_altar_ruins, uniq_robin, uniq_sigmund
D:3:      layout_rooms, general_overflow_altar, serial_shops, shop,
          roderic_batcave, minmay_misc_feat_plants, minivault_4,
          item_on_display_b

Skill      XL: |  1  2  3 |
---------------+----------+-----
Axes           | 2 |  2.0
Dodging        | 1 |  1.2
Fighting       | |  3.4
Throwing       | |  0.2
Armour         | |  3.8
Shields        | |  3.7

Action                   || total
-------------------------++-------
Melee: War axe           ||    95
Throw: Stone             ||    32
  Use: Potion            ||     3
Armor: Scale mail        ||    58
Dodge: Dodged            ||    41
Block: Kite shield       ||    52
